 Dungeon Crawl Stone Soup version 0.30-a0-626-gd6a5dd7a1f (webtiles) character file.

Game seed: 1520694093896738504

13717 M4edhros the Martial Artist (level 12, -12/79 HPs)
             Began as an Octopode Artificer on Jan 11, 2023.
             Was the Champion of Cheibriados.
             Killed by divine providence
             ... invoked by an orc priest
              (15 damage)
             ... on level 2 of the Orcish Mines.
             The game lasted 00:32:25 (5350 turns).

M4edhros the Martial Artist (Octopode Artificer)    Turns: 5350, Time: 00:32:26

Health: -12/79     AC: 18    Str: 31    XL:     12   Next: 9%
Magic:  0/18       EV: 24    Int: 36    God:    Cheibriados [******]
Gold:   327        SH: 15    Dex: 32    Spells: 7/19 levels left

rFire   + . .      SeeInvis +    c - +7 flail of Ixkoj {protect, rC+ Str+4}
rCold   + . .      Faith    .    E - +1 kite shield {rF+}
rNeg    . . .      Spirit   +    r - +3 crown of Dyrovepreva {rElec Int+2 SInv}
rPois   .          Reflect  .    j - amulet of guardian spirit
rElec   +          Harm     .    n - +6 ring of intelligence
rCorr   .          Rampage  .    a - ring of see invisible
Will    .....                    k - ring of flight
Stlth   +++++                    G - +5 ring of evasion
HPRegen 0.33/turn                (no ring)
MPRegen 0.16/turn                (no ring)
                                 (no ring)
                                 (no ring)

@: ice-armoured, under a protective aura, flying, very slow
A: almost no armour, amphibious, 8 rings, camouflage 1, gelatinous body 1,
(nimble swimmer 1), tentacles
a: Renounce Religion, Bend Time, Temporal Distortion, Slouch, Step From Time


You were on level 2 of the Orcish Mines.
You worshipped Cheibriados.
Cheibriados was exalted by your worship.
You visited 2 branches of the dungeon, and saw 14 of its levels.
You also visited: Ossuary.

You collected 775 gold pieces.
You spent 448 gold pieces at shops.

Inventory:

Hand Weapons
 c - the +7 flail of Ixkoj (weapon) {protect, rC+ Str+4}
   (You found it on level 10 of the Dungeon)

   Str:       It affects your strength (+4).
   rC:        It protects you from cold.
 t - a +2 war axe of electrocution
 I - a +2 dagger of protection
Missiles
 h - 4 curare-tipped darts
 m - 8 atropa-tipped darts
 o - 35 poisoned darts (quivered)
 F - 3 throwing nets
Armour
 r - the +3 crown of Dyrovepreva (worn) {rElec Int+2 SInv}
   (You acquired it on level 4 of the Dungeon)

   Int:       It affects your intelligence (+2).
   rElec:     It insulates you from electricity.
   SInv:      It lets you see invisible.
 E - a +1 kite shield of fire resistance (worn)
Jewellery
 a - a ring of see invisible (right tentacle)
 j - an amulet of guardian spirit (around mantle)
 k - a ring of flight (on tentacle)
 n - a +6 ring of intelligence (left tentacle)
 G - a +5 ring of evasion (on tentacle)
Wands
 b - a wand of flame (74)
 d - a wand of iceblast (2)
 f - a wand of acid (27)
 H - a wand of polymorph (5)
 M - a wand of roots (2)
Scrolls
 g - 4 scrolls of noise
 i - 2 scrolls of fear
 l - 3 scrolls of teleportation
 p - 2 scrolls of immolation {unknown}
 q - 10 scrolls of identify {unknown}
 s - 2 scrolls of amnesia
 v - 2 scrolls of magic mapping
 y - 5 scrolls of poison {unknown}
 D - 3 scrolls of vulnerability
Potions
 e - 2 potions of degeneration {unknown}
 u - 2 potions of heal wounds {unknown}
 w - a potion of invisibility {unknown}
 x - 6 potions of curing
 z - 3 potions of lignification {unknown}
 A - 2 potions of mutation {unknown}
 B - a potion of might
 C - 2 potions of flight {unknown}
 J - a potion of berserk rage {unknown}
 K - 4 potions of haste {unknown}
 N - a potion of brilliance {unknown}
Miscellaneous
 L - a tin of tremorstones (2/2)


   Skills:
 - Level 6.2 Fighting
 + Level 2.4 Maces & Flails
 + Level 6.9 Dodging
 - Level 6.2 Stealth
 * Level 6.7 Shields
 - Level 8.3 Unarmed Combat
 + Level 4.2 Spellcasting
 - Level 3.0 Conjurations
 * Level 3.6 Summonings
 - Level 3.2 Ice Magic
 * Level 6.2 Air Magic
 - Level 5.5 Poison Magic
 * Level 2.4 Invocations
 - Level 5.3 Evocations


You had 7 spell levels left.
You knew the following spells:

 Your Spells              Type           Power      Damage    Failure   Level
a - Poisonous Vapours     Pois/Air       98%        N/A       1%          2
b - Ozocubu's Armour      Ice            31%        N/A       9%          3
c - Mephitic Cloud        Conj/Pois/Air  43%        N/A       4%          3
d - Summon Lightning Spi  Summ/Air       43%        N/A       14%         4

Your spell library contained the following spells:

 Spells                   Type           Power      Damage    Failure   Level
 Cigotuvi's Dreadful Rot  Necr/Pois/Air  70%        N/A       3%          2
 Airstrike                Air            25%        2d(4-20)  9%          4
 Lightning Bolt           Conj/Air       20%        1d35      43%         5
 Ozocubu's Refrigeration  Ice            15%        4d10      100%        7
 Animate Armour           Summ/Erth      Unusable   N/A       N/A         4

Dungeon Overview and Level Annotations

Branches:
Dungeon (12/15)            Temple (0/1) D:4             Orc (2/2) D:10
Ossuary (visited)
   Lair: D:8-11         Elf: Orc:2

Altars:
Ashenzari
Cheibriados
Gozag
Okawaru
Sif Muna
Trog
Uskayaw
The Shining One

Shops:
D:10 [:[

Annotations:
D:3 Grinder
D:7 2 transporters, brujo666's ghost, novice DsGl
D:10 Nergalle
D:11 exclusion: 2 oklob plants


Innate Abilities, Weirdness & Mutations

You cannot wear most types of armour.
You are amphibious.
You can wear up to eight rings at the same time.
Your skin changes colour to match your surroundings (Stealth+).
Your rubbery body absorbs attacks. (AC +1, EV +1)
((You are camouflaged when in or above water. (Stealth+)))
You have tentacles for arms and can constrict up to eight enemies at once.


Message History

Aim: an ice devil (summoned, 74% to hit)
The bolt of acid hits the orc high priest!
The orc high priest seems to be corroded for longer.
The orc high priest is almost dead.
The ice devil hits you but does no damage.
You block the orc priest's attack. You block the orc high priest's attack.
You barely miss the orc high priest. You grab the orc high priest.
The orc high priest is almost dead.
You constrict the orc high priest. You block the ice devil's attack.
The orc priest calls upon Beogh to heal the orc high priest.
The orc high priest is healed somewhat.
The orc high priest mumbles some strange prayers to Beogh against you.
Pain shoots through your body!
* * * LOW HITPOINT WARNING * * *
An orc high priest comes into view. It is wielding a +0 short sword.
You hit the orc high priest.
Your weapon exudes an aura of protection.
You squeeze the orc high priest, but do no damage.
The orc high priest is almost dead.
You constrict the orc high priest!
You kill the orc high priest!
Cheibriados appreciates the change of pace.
The ice devil disappears in a puff of smoke!
The chaos spawn degenerates into a cloud of primal chaos!
You block the orc priest's attack.
You feel better. You block the orc priest's attack.
The orc priest completely misses you.
You bludgeon the orc priest!!
You kill the orc priest!
Cheibriados appreciates the change of pace.
Your lightning spire disappears in a puff of smoke!
The orc priest invokes the aid of Beogh against you.
Beogh smites you!
* * * LOW HITPOINT WARNING * * *
The orc high priest calls down the wrath of Beogh upon you.
Beogh smites you!
* * * LOW HITPOINT WARNING * * *
The orc priest invokes the aid of Beogh against you.
Beogh smites you!
You die...

...
###....###
##.....##
###....#
######...##
.........##
####......#
##..ยง..##.#
##........
#@).....#
#))#.....#
#)o.......
#o).......
#)........
.).......
.......##
......##


You could see an orc high priest and an orc priest.

Vanquished Creatures
  2 two-headed ogres
  An orc high priest (Orc:2)
  2 orc sorcerers
  2 manticores (D:11)
  Maurice (D:10)
  Maggie (D:10)
  4 trolls
  A hornet (D:10)
  Prince Ribbit (D:7)
  2 wyverns
  A wraith (D:9)
  4 yaks (D:10)
  A ynoxinul (D:9)
  3 steam dragons
  Grum (D:8)
  2 vampire mosquitoes (D:11)
  Edmund (D:5)
  2 water moccasins
  A black bear (D:7)
  An ice beast (D:5)
  10 orc warriors
  5 ogres
  3 wolves (D:8)
  5 centaurs
  A phantom (D:4)
  A kobold brigand (D:8)
  A bullfrog (D:6)
  2 scorpions
  2 necrophages
  A wyvern zombie (Ossuary)
  3 wights (D:7)
  8 howler monkeys
  10 bullfrog zombies (Ossuary)
  2 centaur zombies (Ossuary)
  10 orc priests
  5 hounds
  2 jellies
  A gnoll bouda (D:7)
  Ijyb (D:3)
  14 orc wizards
  8 mummies (Ossuary)
  3 howler monkey zombies (Ossuary)
  2 gnolls
  6 adders
  2 shadow imps
  3 white imps
  A worm (D:3)
  3 dart slugs
  30 orcs
  4 bats
  7 endoplasms
  A giant cockroach (D:1)
  A goblin (D:4)
  8 hobgoblins
  13 kobolds
  3 quokkas
  9 ball pythons
  An orc zombie (D:4)
  5 rats
231 creatures vanquished.

Vanquished Creatures (collateral kills)
  An orc knight (Orc:2)
  3 yaks (D:10)
  3 orc warriors
  An ogre (Orc:2)
  A water moccasin zombie (Ossuary)
  A bullfrog zombie (Ossuary)
  A centaur zombie (Ossuary)
  6 orc priests
  3 orc wizards (Orc:2)
  A mummy (Ossuary)
  2 gnolls (D:7)
  17 orcs
  An endoplasm (D:4)
41 creatures vanquished.

Vanquished Creatures (others)
  A vampire (D:10)
  2 white imps
  An orc (Orc:1)
  13 plants
  9 withered plants (Ossuary)
26 creatures vanquished.

Grand Total: 298 creatures vanquished

Notes
Turn   | Place    | Note
-------+----------+-------------------------------------------
     0 | D:1      | M4edhros the Octopode Artificer began the quest for the
                  | Orb.
     0 | D:1      | Reached XP level 1. HP: 13/13 MP: 1/1
   100 | D:1      | Reached XP level 2. HP: 18/18 MP: 2/2
   159 | D:3      | Found a snail-covered altar of Cheibriados.
   167 | D:3      | Became a worshipper of Cheibriados the Contemplative
   230 | D:1      | Reached skill level 1 in Unarmed Combat
   263 | D:1      | Reached XP level 3. HP: 11/23 MP: 3/3
   382 | D:1      | Reached * piety under Cheibriados
   469 | D:2      | Found a faded altar of an unknown god.
   512 | D:2      | Learned a level 2 spell: Poisonous Vapours
   553 | D:2      | Reached XP level 4. HP: 26/28 MP: 4/4
   734 | D:3      | Noticed Ijyb
   767 | D:3      | Paralysed by Ijyb for 2 turns
   773 | D:3      | Paralysed by Ijyb for 4 turns
   777 | D:3      | Killed Ijyb
   778 | D:3      | Reached skill level 2 in Unarmed Combat
   806 | D:3      | Noticed Grinder
   847 | D:4      | Found a staircase to the Ecumenical Temple.
   978 | D:4      | Reached ** piety under Cheibriados
   984 | D:4      | Noticed a phantom
   988 | D:4      | Reached XP level 5. HP: 34/34 MP: 5/5
  1001 | D:4      | Killed a phantom
  1002 | D:4      | Reached skill level 1 in Air Magic
  1002 | D:4      | Reached skill level 1 in Poison Magic
  1095 | D:4      | Reached XP level 6. HP: 23/39 MP: 5/7
  1097 | D:4      | Reached skill level 1 in Spellcasting
  1121 | D:4      | Found a sand-covered staircase.
  1130 | Ossuary  | Entered an ossuary
  1322 | Ossuary  | Reached skill level 3 in Unarmed Combat
  1338 | Ossuary  | Reached XP level 7. HP: 32/45 MP: 5/8
  1392 | Ossuary  | Learned a level 3 spell: Ozocubu's Armour
  1562 | Ossuary  | Reached *** piety under Cheibriados
  1620 | Ossuary  | Reached XP level 8. HP: 40/52 MP: 7/10
  1653 | Ossuary  | Reached skill level 4 in Unarmed Combat
  1823 | D:4      | Identified a scroll of acquirement
  1823 | D:4      | Acquired the +3 crown of Dyrovepreva {rElec Int+2 SInv}
  1823 | D:4      | Found the +3 crown of Dyrovepreva {rElec Int+2 SInv}
  1923 | D:4      | You are sucked into a shaft and drop 2 floors!
  1948 | D:5      | Entered Level 5 of the Dungeon
  1961 | D:5      | Noticed Edmund
  2147 | D:5      | Killed Edmund
  2148 | D:5      | Reached skill level 5 in Evocations
  2161 | D:5      | Found a broken altar of Ashenzari.
  2212 | D:5      | Reached skill level 5 in Stealth
  2214 | D:5      | Reached skill level 5 in Unarmed Combat
  2403 | D:5      | Reached XP level 9. HP: 43/58 MP: 9/13
  2404 | D:5      | Reached **** piety under Cheibriados
  2684 | D:6      | Reached skill level 5 in Dodging
  2684 | D:6      | Reached skill level 6 in Unarmed Combat
  2688 | D:6      | Acquired a +0 kite shield of fire resistance
  2708 | D:6      | Learned a level 3 spell: Mephitic Cloud
  2896 | D:7      | Noticed a moth of wrath
  2898 | D:7      | Found a bloodstained altar of Trog.
  2898 | D:7      | Noticed brujo666's ghost (novice DsGl)
  2923 | D:7      | Found a transporter.
  2926 | D:7      | Found a transporter.
  2926 | D:7      | Noticed a troll
  2954 | D:7      | Reached skill level 1 in Shields
  3023 | D:7      | Found a hide-covered altar of Uskayaw.
  3050 | D:7      | Noticed Prince Ribbit
  3060 | D:7      | Reached skill level 1 in Ice Magic
  3070 | D:7      | Killed Prince Ribbit
  3071 | D:7      | Reached skill level 1 in Conjurations
  3230 | D:8      | Found an iron altar of Okawaru.
  3356 | D:9      | Found an opulent altar of Gozag.
  3439 | D:8      | Reached XP level 10. HP: 65/65 MP: 15/15
  3440 | D:8      | Reached ***** piety under Cheibriados
  3556 | D:8      | Noticed Grum
  3577 | D:8      | Killed Grum
  3578 | D:8      | Reached skill level 5 in Fighting
  3597 | D:8      | Found a glowing golden altar of the Shining One.
  3900 | D:9      | Reached skill level 7 in Unarmed Combat
  3977 | D:9      | Found a shimmering blue altar of Sif Muna.
  3988 | D:9      | Got Sif Muna's Catalogue of Support
  4243 | D:10     | Entered Level 10 of the Dungeon
  4243 | D:10     | Found a staircase to the Orcish Mines.
  4329 | D:10     | Noticed Maggie
  4329 | D:10     | Noticed Maurice
  4332 | D:10     | Paralysed by Maurice for 4 turns
  4340 | D:10     | Killed Maurice
  4341 | D:10     | Noticed Nergalle
  4354 | D:10     | Reached skill level 5 in Poison Magic
  4418 | D:10     | Noticed a two-headed ogre
  4430 | D:10     | Killed a two-headed ogre
  4431 | D:10     | Reached skill level 5 in Shields
  4431 | D:10     | Reached skill level 8 in Unarmed Combat
  4431 | D:10     | Reached XP level 11. HP: 54/72 MP: 5/16
  4604 | D:10     | Identified the +7 flail of Ixkoj {protect, rC+ Str+4}
  4699 | D:10     | Noticed a spectral orc warlord
  4727 | D:10     | Found Zysoagg's Book Shoppe.
  4729 | D:10     | Found Giseilae's Antique Armour Emporium.
  4731 | D:10     | Found Xuemeb's Armour Shop.
  4735 | D:10     | Bought a book of Storms for 448 gold pieces
  4740 | D:10     | Learned a level 4 spell: Summon Lightning Spire
  4788 | D:10     | Killed Maggie
  4822 | D:11     | Noticed an oklob plant
  4834 | D:11     | Reached skill level 5 in Air Magic
  4848 | D:11     | Noticed a two-headed ogre
  4853 | D:11     | Killed a two-headed ogre
  4854 | D:11     | Reached skill level 1 in Summonings
  4861 | D:11     | Noticed an oklob plant
  4867 | D:11     | Noticed a manticore
  4877 | D:11     | Killed a manticore
  4946 | D:11     | Noticed a manticore
  4952 | D:11     | Killed a manticore
  4953 | D:11     | Reached skill level 1 in Maces & Flails
  5139 | Orc:1    | Entered Level 1 of the Orcish Mines
  5150 | Orc:1    | Noticed an orc sorcerer
  5207 | Orc:1    | Killed an orc sorcerer
  5262 | Orc:2    | Entered Level 2 of the Orcish Mines
  5265 | Orc:2    | Noticed an orc knight
  5270 | Orc:2    | Noticed an orc sorcerer
  5272 | Orc:2    | Reached ****** piety under Cheibriados
  5274 | Orc:2    | Killed an orc knight
  5279 | Orc:2    | Killed an orc sorcerer
  5280 | Orc:2    | Reached skill level 1 in Invocations
  5337 | Orc:2    | Noticed an orc high priest
  5342 | Orc:2    | Reached XP level 12. HP: 65/79 MP: 6/18
  5347 | Orc:2    | Noticed an orc high priest
  5348 | Orc:2    | Killed an orc high priest
  5350 | Orc:2    | HP: 3/79 [orc high priest/divine providence (12)]
  5350 | Orc:2    | Killed from afar by an orc priest

Illustrated notes

Levels and vault maps discovered:
D:1:      minmay_arrival_stone_box, layout_basic, hangedman_feature_mirror
D:2:      layout_loops_cross, basic_ecumenical_altar
D:3:      layout_basic, mainiacjoe_overflow_brackets, xom_butterflies,
          minivault_25, uniq_grinder, uniq_ijyb
D:4:      minmay_spotlight, layout_cave_pools, temple_pool_b, enter_ossuary_3,
          serial_bayou_lagoon_a, dk_vineyard_3
D:5:      layout_loops_ring, evilmike_ruin_ashenzari, nrook_pool_corridor,
          uniq_edmund
D:6:      layout_basic, nicolae_vehumet_radiance
D:7:      layout_gridville, mainiacjoe_overflow_boulevard,
          gammafunk_ghost_wrathful_warriors, kennysheep_small_circle,
          uniq_prince_ribbit1
D:8:      layout_loops_corners, nicolae_tso_carved_into_rock, kennysheep_mini,
          uniq_grum
D:9:      layout_roguey, nzn_overflow_gifts_of_might_and_magic,
          mainiacjoe_overflow_paths, hangedman_incinerator
D:10:     layout_cave_pools, orc_0_dummy, minivault_27, st_stairs_3,
          nicolae_wooded_promenade, hex_medium, uniq_nergalle, uniq_maggie,
          uniq_maurice
D:11:     layout_basic, dpeg_oklobed_lair
D:12:     layout_long_grid, roderic_lattice_a, uniq_josephine
Orc:1:    layout_caves, hangedman_minor_magic, uniq_fannar
Orc:2:    st_orc_mages, layout_caves, serial_shops, shop, basic_altar

Skill      XL: |  1  2  3  4  5  6  7  8  9 10 11 |
---------------+----------------------------------+-----
Unarmed Combat | 1 2 3 5 6 8 |  8.3
Stealth        | 2 3 4 5 6 |  6.2
Dodging        | 3 4 5 6 |  6.9
Fighting       | 2 3 4 5 6 |  6.2
Air Magic      | 1 2 3 4 6 |  6.2
Poison Magic   | 1 2 3 5 |  5.5
Evocations     | 4 5 |  5.3
Spellcasting   | 1 3 4 |  4.2
Shields        | 2 5 6 |  6.7
Ice Magic      | 2 3 |  3.2
Conjurations   | 1 3 |  3.0
Summonings     | 3 |  3.6
Maces & Flails | 2 |  2.4
Invocations    | 2 |  2.4

Action                   |  1- 3 |  4- 6 |  7- 9 | 10-12 || total
-------------------------+-------+-------+-------+-------++-------
Melee: Unarmed           |    61 |    80 |   255 |   184 ||   580
       Constrict         |    23 |    24 |    48 |    56 ||   151
       Tentacles         |    18 |    23 |    80 |    86 ||   207
       Punch             |     3 |     2 |    16 |    25 ||    46
       Flail             |       |       |       |    71 ||    71
Throw: Dart              |       |       |     5 |     5 ||    10
 Cast: Ozocubu's Armour  |       |       |    10 |    15 ||    25
       Poisonous Vapours |       |       |       |     4 ||     4
       Summon Lightning  |       |       |       |     5 ||     5
Invok: Slouch            |       |       |       |     2 ||     2
Evoke: Wand              |       |    15 |    17 |    16 ||    48
  Use: Scroll            |       |     6 |     5 |     3 ||    14
       Potion            |       |     2 |       |     2 ||     4
 Stab: Sleeping          |     7 |     7 |     9 |     3 ||    26
       Distracted        |       |     2 |     3 |     1 ||     6
       Paralysed         |       |       |     8 |       ||     8
Armor: Skin              |     3 |     7 |    23 |    25 ||    58
Dodge: Dodged            |    34 |    39 |   175 |   220 ||   468
Block: Kite shield       |       |       |    49 |   204 ||   253

Table legend: (Time is in decaauts)
 A = Elapsed time spent in this place.
 B = Non-inter-level travel time spent in this place.
 C = Inter-level travel time spent in this place.
 D = Time resting spent in this place.
 E = Time spent auto-exploring this place.
 F = Levels seen in this place.
 G = Mean time per level.
                   A        B        C        D        E       F      G
               +--------+--------+--------+--------+--------+-----+--------+
         Total |   8051 |   7496 |    555 |    167 |    281 |  15 |  536.7 |
       Dungeon |   6867 |   6339 |    528 |      0 |    232 |  12 |  572.2 |
  Orcish Mines |    338 |    312 |     26 |      0 |      0 |   2 |  169.0 |
       Ossuary |    845 |    845 |      0 |    167 |     49 |   1 |  845.0 |
               +--------+--------+--------+--------+--------+-----+--------+

Top non-repeatable levels by time:
     D:8: 1036 daAuts
    D:10: 997 daAuts
 Ossuary: 845 daAuts
     D:9: 770 daAuts
     D:4: 704 daAuts
     D:7: 674 daAuts
     D:5: 550 daAuts
    D:11: 522 daAuts
     D:6: 432 daAuts
     D:3: 408 daAuts
     D:1: 400 daAuts
     D:2: 355 daAuts
   Orc:1: 214 daAuts
   Orc:2: 123 daAuts
    D:12: 13 daAuts
